 Dungeon Crawl Stone Soup version 0.20-a0-871-g785f14b (webtiles) character file.

6316 nikopol the Cleaver (level 10, 0/135 HPs)
             Began as a Minotaur Berserker on Mar 14, 2017.
             Was a High Priest of Trog.
             Succumbed to a spiny frog's poison
             ... on level 1 of the Lair of Beasts.
             The game lasted 00:23:54 (10202 turns).

nikopol the Cleaver (Minotaur Berserker)           Turns: 10202, Time: 00:23:54

Health: 0/135      AC:  6    Str: 28    XL:     10   Next: 64%
Magic:  9/9        EV: 16    Int:  4    God:    Trog [*****.]
Gold:   324        SH:  0    Dex: 14    Spells: 9/9 levels left

rFire    . . .     SeeInvis .   a - +0 hand axe
rCold    . . .     Gourm    .   o - +0 ring mail
rNeg     . . .     Faith    .   (no shield)
rPois    .         Spirit   .   (helmet restricted)
rElec    .         Reflect  .   (no cloak)
rCorr    .         Harm     .   (no gloves)
MR       .....                  (no boots)
Stlth    ..........             (no amulet)
Regen    0.4/turn               (no ring)
MPRegen  0.2/turn               y - +2 ring of dexterity

@: berserking, lethally poisoned (0 -> -18), very quick
A: retaliatory headbutt, horns 2
a: Berserk, Trog's Hand, Brothers in Arms, Burn Spellbooks, Renounce Religion


You were on level 1 of the Lair of Beasts.
You worshipped Trog.
Trog was extremely pleased with you.
You were near starving.

You visited 2 branches of the dungeon, and saw 11 of its levels.
You also visited: Ossuary.

You collected 324 gold pieces.

Inventory:

Hand Weapons
 a - a +0 hand axe (weapon)
 z - a +0 shortbow
Missiles
 g - 138 arrows (quivered)
Armour
 b - a +0 animal skin
 j - a +0 leather armour
 o - a +0 ring mail (worn)
Jewellery
 y - a +2 ring of dexterity (left hand)
 N - an uncursed ring of wizardry {unknown}
 O - an uncursed ring of protection from magic {unknown}
Wands
 H - a wand of iceblast (4/15)
 P - a wand of digging (14/24)
Scrolls
 d - 2 scrolls of magic mapping
 e - 3 scrolls of recharging {unknown}
 f - 8 scrolls of identify {unknown}
 h - 7 scrolls of teleportation {unknown}
 i - 2 scrolls of noise {unknown}
 s - a scroll of immolation {unknown}
 w - 4 scrolls of fear {unknown}
 A - 2 scrolls of blinking {unknown}
 C - 3 scrolls of enchant weapon {unknown}
 D - 8 scrolls of remove curse {unknown}
 F - 4 scrolls of enchant armour {unknown}
 G - a scroll of fog {unknown}
 I - 4 scrolls of amnesia {unknown}
Potions
 m - 2 potions of cancellation {unknown}
 n - 5 potions of lignification {unknown}
 p - 2 potions of agility
 q - 2 potions of invisibility {unknown}
 r - a potion of heal wounds {unknown}
 t - 2 potions of haste {unknown}
 u - 3 potions of curing {unknown}
 v - a potion of resistance {unknown}
 x - 2 potions of ambrosia {unknown}
 B - 4 potions of flight {unknown}
 E - 3 potions of berserk rage {unknown}
 J - a potion of magic {unknown}
 K - a potion of mutation {unknown}
 L - 2 potions of degeneration {unknown}
 M - 2 potions of might {unknown}
Comestibles
 c - 9 bread rations
 k - 4 royal jellies
 l - 5 meat rations


   Skills:
 + Level 8.5 Fighting
 * Level 10.8 Axes
 * Level 7.9 Bows
 + Level 8.4 Armour
 + Level 8.1 Dodging


You had 9 spell levels left.
You didn't know any spells.

Dungeon Overview and Level Annotations

Branches:
Dungeon (9/15)             Temple (0/1) D:7            Lair (2/6) D:8
  Swamp: Lair:2-4    Shoals: Lair:2-4     Snake: Lair:2-4    Spider: Lair:2-4
    Orc: D:9-12

Altars:
Ashenzari
Wu Jian


Innate Abilities, Weirdness & Mutations

You reflexively headbutt those who attack you in melee.
You have a pair of horns on your head.


Message History

You feel very sick.
The yak bellows! x2
There is a stone staircase leading up here.
You feel sick.
The yak bellows!
The spiny frog completely misses you. The porcupine bites you!
* * * LOW HITPOINT WARNING * * *
The hippogriff closely misses you. The hippogriff misses you.
The hippogriff claws you.
* * * LOW HITPOINT WARNING * * *
The spiny frog stings you!
* * * LOW HITPOINT WARNING * * *
You climb upwards.
* * * LOW HITPOINT WARNING * * *
You feel very sick.
There is a stone staircase leading down here.
A red film seems to cover your vision as you go berserk!
You feel yourself moving faster!
You feel mighty!
You are near starving!
You die...

##.## ##.......#####
###..# #P......#
###P...#### ###....##
##.##......#### #...P#
#.#...........# ##.###
##............# ###.##
#............###....##
#.........FH##...#...##
##.........@...####...#
#..........r### ##..##
#..........## #...##
##....#..P## ##...#
#####..### #....# #..#
#.#...# #..## ###....#
#..# ##.... ...# #...


You could see a hippogriff, a spiny frog and a porcupine.

Vanquished Creatures
  2 spiny frogs (Lair:1)
  Grinder (D:6)
  A hornet (D:8)
  Prince Ribbit (D:6)
  A spriggan (D:7)
  10 yaks
  A basilisk (Lair:1)
  Menkaure (D:6)
  A water moccasin (Lair:1)
  2 orc warriors
  4 ice beasts
  A sky beast (D:7)
  2 ogres
  A centaur (D:5)
  A big kobold (D:6)
  4 bullfrogs
  A gnoll sergeant (D:8)
  2 scorpions (D:7)
  3 killer bees (D:8)
  A wight (D:8)
  A howler monkey (D:7)
  3 crimson imps
  2 bullfrog zombies
  2 jellies
  A centaur skeleton (D:6)
  3 hounds
  A centaur zombie (D:7)
  5 orc priests
  7 orc wizards
  A bullfrog skeleton (D:4)
  An iguana (D:6)
  Ijyb (D:3)
  Natasha (thrice) (D:4)
  9 worker ants
  2 hound skeletons
  3 hound zombies
  12 mummies (Ossuary)
  A howler monkey zombie (D:6)
  8 gnolls
  6 adders
  3 shadow imps
  An ooze (D:3)
  An adder skeleton (D:6)
  2 adder zombies
  5 worms
  4 dart slugs
  6 leopard geckos
  13 orcs
  4 giant cockroaches
  7 goblins
  6 hobgoblins
  12 kobolds
  7 quokkas
  A ball python (D:3)
  4 bats
  3 frilled lizards
  A gnoll skeleton (Ossuary)
  2 goblin skeletons (Ossuary)
  5 kobold skeletons (Ossuary)
  5 rats
  11 rat skeletons (Ossuary)
  A plant (Lair:1)
217 creatures vanquished.

Notes
Turn   | Place    | Note
-------+----------+-------------------------------------------
     0 | D:1      | nikopol the Minotaur Berserker began the quest for the Orb.
     0 | D:1      | Reached XP level 1. HP: 19/19 MP: 0/0
    92 | D:1      | Reached XP level 2. HP: 19/27 MP: 1/1
   360 | D:1      | Reached skill level 4 in Axes
   647 | D:2      | Reached ** piety under Trog
   647 | D:2      | Reached XP level 3. HP: 30/33 MP: 2/2
   850 | D:2      | You fall through a shaft!
   938 | D:3      | Found an ornate altar of the Wu Jian Council.
  1870 | D:2      | Reached XP level 4. HP: 40/40 MP: 3/3
  1882 | D:2      | Found a shattered altar of Ashenzari.
  2359 | D:3      | Noticed Ijyb
  2366 | D:3      | Killed Ijyb
  2727 | D:3      | Found a faded altar of an unknown god.
  2836 | D:4      | Noticed Natasha
  2843 | D:4      | Killed Natasha
  2843 | D:4      | Reached XP level 5. HP: 32/47 MP: 4/4
  3173 | D:4      | Noticed Natasha
  3195 | D:4      | Killed Natasha
  3195 | D:4      | Reached skill level 5 in Fighting
  3195 | D:4      | Reached XP level 6. HP: 9/56 MP: 5/5
  3447 | D:4      | Reached skill level 5 in Axes
  3463 | D:4      | Noticed Natasha
  3471 | D:4      | Killed Natasha
  3704 | D:5      | Entered Level 5 of the Dungeon
  3763 | D:5      | Reached *** piety under Trog
  3855 | D:5      | Reached skill level 5 in Armour
  3855 | D:5      | Reached XP level 7. HP: 52/61 MP: 6/6
  4062 | D:5      | Reached skill level 5 in Dodging
  4380 | D:5      | Reached skill level 6 in Axes
  4673 | D:6      | Noticed Menkaure
  4677 | D:6      | Reached skill level 1 in Bows
  4681 | D:6      | Killed Menkaure
  4836 | D:6      | Reached XP level 8. HP: 71/71 MP: 7/7
  4965 | D:6      | Reached skill level 7 in Axes
  5549 | D:6      | Reached **** piety under Trog
  5737 | D:6      | Reached skill level 8 in Axes
  5944 | D:6      | Noticed Grinder
  5961 | D:6      | Killed Grinder
  5961 | D:6      | Reached XP level 9. HP: 61/79 MP: 8/8
  6285 | D:7      | Noticed Prince Ribbit
  6297 | D:6      | Killed Prince Ribbit
  6297 | D:6      | Reached skill level 5 in Bows
  6686 | D:7      | Found a staircase to the Ecumenical Temple.
  7182 | D:7      | Reached skill level 9 in Axes
  7361 | D:8      | Found a sand-covered staircase.
  7372 | Ossuary  | Entered an ossuary
  7579 | Ossuary  | Reached ***** piety under Trog
  8038 | D:8      | Found a staircase to the Lair.
  9026 | D:8      | Reached XP level 10. HP: 88/88 MP: 9/9
  9158 | D:9      | Reached skill level 10 in Axes
  9161 | D:9      | Received a gift from Trog
  9458 | Lair:1   | Entered Level 1 of the Lair of Beasts
  9506 | Lair:1   | Noticed a spiny frog
  9516 | Lair:1   | Killed a spiny frog
  9568 | Lair:1   | Noticed a spiny frog
  9600 | Lair:1   | Killed a spiny frog
 10161 | Lair:1   | You fall through a shaft!
 10161 | Lair:2   | Noticed a spiny frog
 10161 | Lair:2   | Noticed a six-headed hydra
 10185 | Lair:2   | Noticed a spiny frog
 10201 | Lair:1   | HP: 1/90 [poisoned by a spiny frog]
 10202 | Lair:1   | Succumbed to a spiny frog's poison

Vault maps used:
D:1:      scummos_arrival_simple_fountains
D:2:      ashenzari_altar_1
D:3:      old_standard_altar, chequers_ecumenical_altar_lobes, first_bread,
          serial_bayou_lagoon_b, uniq_iyjb
D:4:      uniq_natasha
D:6:      serial_undead, serial_undead_b, serial_undead_f, serial_undead_c,
          serial_undead_a, uniq_grinder, uniq_menkaure
D:7:      minmay_temple_entry_statues, the_bakery, kennysheep_generic_room_5,
          uniq_prince_ribbit1
D:8:      minmay_tri_box, lair_entry_dummy, lightli_ossuary_entry_decrepit_ruins
D:9:      hiddenorc1_lemuel, chequers_big_river, uniq_maurice
Lair:2:   minmay_shoals_entry_hut
Ossuary:  ossuary_due_small_catacomb

Skill      XL: |  1  2  3  4  5  6  7  8  9 10 |
---------------+-------------------------------+-----
Axes           | 4 5 6 8 9 10 | 10.8
Fighting       | 4 5 6 7 8 |  8.5
Dodging        | 3 4 5 6 7 8 |  8.1
Armour         | 3 4 5 6 7 8 |  8.4
Bows           | 1 4 6 7 |  7.9

Action                   |  1- 3 |  4- 6 |  7- 9 | 10-12 || total
-------------------------+-------+-------+-------+-------++-------
Melee: Hand axe          |    75 |   125 |   259 |    93 ||   552
       Headbutt          |     9 |    23 |    68 |    30 ||   130
 Fire: Shortbow          |       |       |   181 |    18 ||   199
Invok: Burn Spellbooks   |       |     1 |     1 |       ||     2
       Berserk           |       |     2 |     8 |     3 ||    13
  Use: Scroll            |       |       |     1 |       ||     1
  Eat: Chunk             |     2 |     9 |    17 |     5 ||    33
       Fruit             |       |       |     2 |       ||     2
       Bread ration      |       |       |     1 |       ||     1
Armor: Animal skin       |    13 |       |       |       ||    13
       Leather armour    |    10 |       |       |       ||    10
       Ring mail         |     1 |    28 |    65 |     9 ||   103
Dodge: Dodged            |    49 |    83 |   173 |    63 ||   368
